AoeStats
← shenyany

Black Forest

510016015Analyzed
4v4 RM · 4d ago on Sep 29, 2026· 97m 58s· 8 players
Game mode
Random Map
Map size
Large (8 player)
Population
200
Speed
Normal
Resources
Standard
Victory
Conquest
Starting age
Dark Age
Ending age
Imperial Age
RankedLock teamsTeams togetherTeam positionsShared explorationLock speedFull tech treeHidden civsTurbo modeCheats
Victory
Defeat
🇧🇷 Slavs · Brazil
809
+8
🇵🇪 Celts · Peru
803
+8
🇨🇱 Hindustanis · Chile
658
+13
🇷🇴 Byzantines · Romania
452
+21
🇲🇽 Mongols · Mexico
680
-16
🇨🇳 Tatars · China
584
-12
🇨🇱 Romans · Chile
577
-11
🇲🇽 Celts · Mexico
553
-11
WallDestroyer
1:15 Loom
15:07 Feudal Age
16:31 Wheelbarrow
15:46 Double-Bit Axe
15:45 Horse Collar
23:14 Castle Age
24:18 Hand Cart
24:08 Heavy Plow
24:26 Bow Saw
24:39 Caravan
24:37 Gold Mining
36:56 Imperial Age
37:21 Town Watch
37:50 Furor Celtica
38:01 Conscription
37:35 Onager
37:51 Heavy Scorpion
42:28 Chemistry
41:34 Siege Engineers
47:57 Capped Ram
48:07 Siege Onager
48:23 Cavalier
49:04 Husbandry
50:14 Siege Ram
58:03 Scale Barding Armor
58:09 Forging
64:59 Paladin
73:51 Chain Barding Armor
74:07 Iron Casting
Ka-mi-ka-ze
12:25 Feudal Age
14:33 Wheelbarrow
14:49 Loom
17:14 Double-Bit Axe
22:22 Castle Age
20:40 Horse Collar
21:15 Forging
21:07 Scale Mail Armor
21:16 Scale Barding Armor
23:24 Hand Cart
22:39 Man-at-Arms
24:30 Long Swordsman
25:52 Iron Casting
27:12 Ballistics
27:09 Masonry
29:28 Murder Holes
29:57 Fortified Wall
31:36 Bow Saw
33:29 Town Watch
34:12 Husbandry
34:25 Bloodlines
34:27 Murder Holes
35:22 Gold Mining
35:33 Stone Mining
41:38 Imperial Age
39:15 Town Patrol
41:47 Chain Mail Armor
43:15 Legionary
43:56 Squires
43:16 Pikeman
44:34 Onager
47:39 Blast Furnace
47:01 Chain Barding Armor
47:51 Elite Centurion
48:53 Conscription
48:56 Comitatenses
51:06 Plate Barding Armor
52:21 Chemistry
51:43 Ballistics
51:59 Architecture
51:14 Capped Ram
52:42 Caravan
56:27 Ballistas
TWT
1:24 Loom
12:27 Feudal Age
13:50 Wheelbarrow
17:00 Castle Age
14:50 Horse Collar
15:07 Double-Bit Axe
16:31 Gold Mining
16:38 Stone Mining
18:40 Bow Saw
21:43 Heavy Plow
22:52 Stone Shaft Mining
24:48 Gold Shaft Mining
26:37 Hand Cart
30:51 Caravan
34:15 Imperial Age
32:30 Bloodlines
32:34 Scale Barding Armor
33:07 Light Cavalry
33:53 Padded Archer Armor
33:43 Fletching
34:43 Husbandry
34:55 Nomads
35:24 Conscription
34:30 Hussar
36:23 Bodkin Arrow
37:28 Leather Archer Armor
37:14 Bracer
37:24 Forging
37:15 Scale Mail Armor
37:38 Ballistics
38:07 Drill
37:49 Elite Mangudai
40:02 Chain Barding Armor
40:18 Iron Casting
40:57 Chemistry
40:08 Masonry
40:09 Fortified Wall
39:55 Murder Holes
42:38 Thumb Ring
42:59 Parthian Tactics
42:47 Siege Engineers
45:41 Blast Furnace
44:57 Chain Mail Armor
47:09 Onager
49:02 Siege Onager
61:43 Capped Ram
62:53 Siege Ram
shenyany
1:55 Loom
12:23 Feudal Age
13:58 Horse Collar
19:30 Castle Age
17:45 Double-Bit Axe
19:31 Stone Mining
21:25 Bow Saw
25:05 Heavy Plow
25:53 Gold Mining
29:11 Wheelbarrow
28:21 Town Watch
29:46 Gold Shaft Mining
30:12 Silk Armor
33:34 Imperial Age
32:18 Fortified Wall
32:20 Scale Barding Armor
32:27 Forging
32:10 Fletching
32:52 Padded Archer Armor
32:53 Treadmill Crane
33:14 Pikeman
34:05 Caravan
34:42 Conscription
35:25 Timurid Siegecraft
36:28 Chemistry
35:36 Siege Engineers
36:35 Squires
36:05 Elite Skirmisher
36:51 Scale Mail Armor
36:50 Bodkin Arrow
38:05 Crop Rotation
38:12 Hand Cart
38:23 Bloodlines
38:14 Husbandry
38:39 Light Cavalry
39:51 Chain Barding Armor
39:55 Hussar
42:01 Heavy Cavalry Archer
45:48 Murder Holes
46:15 Ballistics
46:06 Masonry
48:04 Elite Keshik
50:08 Halberdier
52:11 Iron Casting
54:35 Heavy Scorpion
56:52 Arson
68:50 Blast Furnace
85:11 Plate Barding Armor
84:36 Bracer
84:52 Leather Archer Armor
Carpeado BR
0:31 Loom
12:16 Feudal Age
19:58 Castle Age
18:12 Horse Collar
22:04 Double-Bit Axe
23:35 Wheelbarrow
24:46 Heavy Plow
26:39 Bow Saw
29:20 Gold Mining
29:20 Stone Mining
29:42 Caravan
30:16 Hand Cart
35:05 Imperial Age
32:50 Detinets
33:36 Forging
33:32 Scale Barding Armor
33:19 Fletching
33:30 Scale Mail Armor
34:42 Pikeman
35:24 Squires
36:23 Iron Casting
36:10 Chain Barding Armor
35:46 Bodkin Arrow
35:28 Capped Ram
37:20 Chemistry
36:42 Ballistics
36:18 Murder Holes
36:37 Masonry
37:50 Hoardings
37:40 Conscription
38:58 Two-Man Saw
38:38 Crop Rotation
37:57 Town Watch
39:51 Onager
44:54 Siege Onager
45:35 Elite Boyar
47:23 Blast Furnace
46:39 Chain Mail Armor
47:01 Plate Barding Armor
46:58 Halberdier
51:39 Plate Mail Armor
54:26 Siege Ram
76:42 Husbandry
76:52 Bloodlines
79:41 Cavalier
79:43 Light Cavalry
83:04 Hussar
MiguelAngel
0:33 Loom
10:31 Feudal Age
18:04 Castle Age
16:28 Double-Bit Axe
16:50 Horse Collar
17:29 Stone Mining
22:31 Gold Mining
29:53 Imperial Age
28:10 Wheelbarrow
28:06 Bow Saw
31:15 Heavy Plow
35:00 Hand Cart
35:47 Gold Shaft Mining
35:52 Stone Shaft Mining
35:53 Caravan
37:07 Chemistry
36:27 Ballistics
37:13 Heavy Scorpion
38:03 Siege Engineers
37:54 Murder Holes
37:52 Cavalier
38:33 Husbandry
38:55 Conscription
37:55 Elite Woad Raider
40:19 Furor Celtica
41:42 Paladin
42:22 Onager
46:23 Scale Mail Armor
46:34 Forging
46:30 Scale Barding Armor
45:55 Siege Onager
48:53 Town Watch
72:07 Chain Mail Armor
72:29 Iron Casting
72:14 Chain Barding Armor
91:50 Masonry
91:51 Fortified Wall
92:49 Blast Furnace
92:20 Plate Mail Armor
K1NG
0:40 Loom
17:33 Feudal Age
19:07 Wheelbarrow
18:32 Stone Mining
18:33 Gold Mining
18:34 Double-Bit Axe
18:39 Horse Collar
27:18 Castle Age
28:57 Hand Cart
29:20 Stone Shaft Mining
29:21 Gold Shaft Mining
28:50 Heavy Plow
29:06 Bow Saw
31:59 Ballistics
35:18 Imperial Age
38:00 Chemistry
39:31 Greek Fire
54:47 Bombard Tower
ADOLFITO
13:15 Feudal Age
14:57 Wheelbarrow
14:12 Double-Bit Axe
14:09 Horse Collar
21:32 Castle Age
21:27 Scale Mail Armor
22:27 Bow Saw
22:19 Heavy Plow
23:53 Hand Cart
23:55 Stone Mining
23:55 Gold Mining
29:22 Stone Shaft Mining
28:38 Gold Mining
35:01 Imperial Age
33:47 Caravan
34:00 Forging
37:13 Iron Casting
36:53 Chain Mail Armor
36:40 Padded Archer Armor
36:30 Fletching
37:22 Ballistics
38:14 Chemistry
37:24 Murder Holes
41:40 Elite Ghulam
47:25 Heavy Camel Rider
50:39 Gold Shaft Mining
50:21 Leather Archer Armor
57:06 Squires
56:26 Pikeman
57:09 Bodkin Arrow
58:08 Grand Trunk Road
58:18 Arson
59:45 Bracer
60:59 Blast Furnace
85:14 Scale Barding Armor
85:39 Ring Archer Armor
Connection lost

Rejoining the realm…

Still unreachable

The connection could not be restored.

Session expired

The server has moved on; the page needs a fresh start.